 Dungeon Crawl Stone Soup version 0.23.0 (webtiles) character file.

Game seed: 13298505565253782214

87 Froggeryz the Distorting Demonspawn (level 4, -9/35 HPs)
             Began as a Demonspawn Abyssal Knight on Feb 9, 2019.
             Was a Believer of Lugonu.
             Mangled by a gnoll
             ... wielding a +0 whip
              (10 damage)
             ... on level 2 of the Dungeon.
             The game lasted 00:02:08 (1871 turns).

Froggeryz the Distorting Demonspawn (DsAK)          Turns: 1871, Time: 00:02:09

Health: -9/35      AC:  3    Str: 13    XL:     4   Next: 28%
Magic:  6/6        EV: 11    Int: 14    God:    Lugonu [**....]
Gold:   78         SH:  0    Dex: 12    Spells: 3/3 levels left

rFire    . . .     SeeInvis .   a - +1 spear
rCold    . . .     Gourm    .   (no shield)
rNeg     . . .     Faith    .   b - +0 leather armour
rPois    .         Spirit   .   (no helmet)
rElec    .         Reflect  .   (no cloak)
rCorr    .         Harm     .   (no gloves)
MR       .....                  (no boots)
Stlth    +.........             (no amulet)
HPRegen  0.11/turn              (no ring)
MPRegen  0.10/turn              (no ring)

@: lethally poisoned (-9 -> -10)
A: hooves 1
a: Depart the Abyss, Bend Space, Renounce Religion


You were on level 2 of the Dungeon.
You worshipped Lugonu.
Lugonu was pleased with you.
You were not hungry.

You visited 1 branch of the dungeon, and saw 2 of its levels.
You visited the Abyss 1 time.

You collected 78 gold pieces.

Inventory:

Hand Weapons
 a - a +1 spear (weapon)
Armour
 b - a +0 leather armour (worn)
Wands
 m - a wand of iceblast (8)
Scrolls
 d - a scroll of noise {unknown}
 e - a scroll of amnesia {unknown}
 f - 3 scrolls of identify {unknown}
 h - 2 scrolls of teleportation {unknown}
 i - a scroll of enchant armour {unknown}
 k - a scroll of blinking {unknown}
 l - a scroll of immolation {unknown}
Potions
 g - a potion of berserk rage {unknown}
 j - a potion of brilliance {unknown}
Comestibles
 c - 2 rations
 n - 3 chunks of flesh


   Skills:
 - Level 3.0 Fighting
 * Level 3.3 Polearms
 - Level 1.7 Armour
 - Level 0.8 Dodging
 + Level 1.2 Unarmed Combat
 + Level 3.7 Invocations


You had 3 spell levels left.
You didn't know any spells.
Your spell library was empty.

Dungeon Overview and Level Annotations

Branches:
Dungeon (2/15)

Altars:


Innate Abilities, Weirdness & Mutations

You have large cloven feet.


Message History

The gnoll is moderately wounded.
The gnoll barely misses you.
You hit the gnoll.
The gnoll is heavily wounded.
You feel sick. The gnoll hits you with a +0 whip!
You closely miss the gnoll. You kick the gnoll, but do no damage.
The gnoll is heavily wounded.
The gnoll hits you with a +0 whip.
* * * LOW HITPOINT WARNING * * *
You hit the gnoll. You kick the gnoll.
The gnoll is almost dead.
The gnoll hits you with a +0 whip!
* * * LOW HITPOINT WARNING * * *
You closely miss the gnoll. Your kick misses the gnoll.
The gnoll is almost dead.
Okay, then.
You barely miss the gnoll.
The gnoll is almost dead.
The gnoll hits you with a +0 whip!
You die...

[ !. ..) .. ...
#######.# .. #.......#
...##.########.(.....#
#....wg@...<.........#
#.#######............##
#<# ######.........
#... #........## #..##
#.#......# #.(.###
#........#
#...###.#######...
###.#...# ## ####....##


You could see a gnoll and a dart slug.

Vanquished Creatures
  2 gnolls (D:2)
  3 adders (D:2)
  An adder zombie (D:1)
  A worm (D:2)
  A ball python (D:1)
  A bat zombie (D:1)
  3 giant cockroaches
  4 hobgoblins (D:1)
  2 jackals (D:1)
  6 kobolds
  A frilled lizard (D:1)
  3 goblins (D:1)
  7 rats (D:1)
35 creatures vanquished.

Notes
Turn   | Place    | Note
-------+----------+-------------------------------------------
     0 | Abyss:1  | Froggeryz the Demonspawn Abyssal Knight began the quest for
                  | the Orb.
     0 | Abyss:1  | Reached XP level 1. HP: 18/18 MP: 2/2
     5 | Abyss:1  | Noticed a neqoxec
    15 | Abyss:1  | Noticed a quasit
    26 | D:1      | Escaped the Abyss
   117 | D:1      | Reached * piety under Lugonu
   550 | D:1      | Gained mutation: You have large cloven feet. [demonic
                  | ancestry]
   550 | D:1      | Reached XP level 2. HP: 23/24 MP: 4/4
  1059 | D:1      | Reached XP level 3. HP: 26/29 MP: 5/5
  1669 | D:2      | Reached skill level 1 in Unarmed Combat
  1677 | D:1      | Reached XP level 4. HP: 16/35 MP: 6/6
  1862 | D:2      | Reached ** piety under Lugonu
  1869 | D:2      | HP: 1/35 [gnoll/+0 whip (7)]
  1871 | D:2      | Mangled by a gnoll

Skill      XL: |  1  2  3 |
---------------+----------+-----
Polearms       | 2 3 |  3.3
Invocations    | 3 |  3.7
Unarmed Combat | 1 |  1.2
Fighting       | |  3.0
Armour         | |  1.7
Dodging        | |  0.8

Action                   |  1- 3 |  4- 6 || total
-------------------------+-------+-------++-------
Melee: Spear             |   111 |    17 ||   128
       Kick              |    11 |     6 ||    17
Invok: Depart the Abyss  |     1 |       ||     1
  Use: Scroll            |     1 |       ||     1
 Stab: Sleeping          |     1 |       ||     1
  Eat: Chunk             |     2 |     1 ||     3
Armor: Leather armour    |    16 |     1 ||    17
Dodge: Dodged            |    35 |     9 ||    44
